 Dungeon Crawl Stone Soup version 0.22.0-60-ga52c2fc (webtiles) character file.

220 Anon1729 the Chopper (level 5, -1/49 HPs)
             Began as a Naga Gladiator on Sept 10, 2018.
             Slain by Grinder (7 damage)
             ... on level 4 of the Dungeon.
             The game lasted 00:03:48 (2530 turns).

Anon1729 the Chopper (Naga Gladiator)               Turns: 2530, Time: 00:03:49

Health: -1/49      AC:  7    Str: 22    XL:     5   Next: 97%
Magic:  5/5        EV:  9    Int:  9    God:
Gold:   154        SH:  0    Dex: 12    Spells: 4/4 levels left

rFire    . . .     SeeInvis +   a - +0 war axe
rCold    . . .     Gourm    .   (no shield)
rNeg     . . .     Faith    .   s - +0 scale mail
rPois    +         Spirit   .   c - +0 helmet
rElec    .         Reflect  .   o - +0 cloak
rCorr    .         Harm     .   (no gloves)
MR       .....                  (no barding)
Stlth    ..........             (no amulet)
HPRegen  0.16/turn              l - ring of poison resistance
MPRegen  0.09/turn              (no ring)

@: mighty, very slow
A: large, see invisible, deformed body, poison resistance, slowness 2, slow
metabolism 1, spit poison 1, AC +1
a: Spit Poison


You were on level 4 of the Dungeon.
You were not hungry.

You visited 1 branch of the dungeon, and saw 4 of its levels.

You collected 154 gold pieces.

Inventory:

Hand Weapons
 a - a +0 war axe (weapon)
Armour
 b - a +0 leather armour
 c - a +0 helmet (worn)
 o - a +0 cloak (worn)
 s - a +0 scale mail (worn)
Jewellery
 l - a ring of poison resistance (left hand)
Scrolls
 e - 2 scrolls of remove curse {unknown}
 g - a scroll of fear {unknown}
 j - 3 scrolls of immolation {unknown}
 n - a scroll of noise {unknown}
 p - 2 scrolls of magic mapping {unknown}
 q - a scroll of identify {unknown}
 r - a scroll of teleportation {unknown}
 u - a scroll of random uselessness {unknown}
 y - a scroll of fog {unknown}
Potions
 h - a potion of haste {unknown}
 i - 2 potions of might
 k - a potion of ambrosia {unknown}
 m - a potion of degeneration {unknown}
 v - a potion of heal wounds {unknown}
 w - a potion of curing {unknown}
 x - a potion of cancellation {unknown}
Comestibles
 f - 4 rations
 t - a chunk of flesh


   Skills:
 + Level 3.1 Fighting
 * Level 4.7 Axes
 - Level 2.0 Throwing
 + Level 1.7 Armour
 - Level 3.0 Dodging


You had 4 spell levels left.
You didn't know any spells.
Your spell library contained the following spells:

 Spells                   Type           Power        Failure   Level  Hunger
 Animate Skeleton         Necr           N/A          73%         1    ##.....
 Apportation              Tloc           #.....       73%         1    ##.....
 Confusing Touch          Hex            #.....       73%         1    ##.....
 Summon Small Mammal      Summ           #...         73%         1    ##.....


Dungeon Overview and Level Annotations

Branches:
Dungeon (4/15)
 Temple: D:4-7

Altars:
Cheibriados
Hepliaklqana
Sif Muna
Trog

Annotations:
D:4 Grinder


Innate Abilities, Weirdness & Mutations

You cannot wear boots.
Your serpentine skin is tough. (AC +1)
You have supernaturally acute eyesight. (SInv)
Armour fits poorly on your strangely shaped body.
Your system is resistant to poisons. (rPois)
You cover ground very slowly.
You have a slow metabolism.
You can spit poison.


Message History

Unknown command.
You slash Grinder!
Grinder is moderately wounded.
Grinder hits you.
Unknown command.
You closely miss Grinder.
Grinder is moderately wounded.
Grinder hits you but does no damage. Grinder closely misses you.
Unknown command.
You closely miss Grinder.
Grinder is moderately wounded.
Grinder hits you!
* * * LOW HITPOINT WARNING * * *
You writhe in agony.
* * * LOW HITPOINT WARNING * * *
Unknown command.
You closely miss Grinder.
Grinder is moderately wounded.
Grinder hits you!
You die...

#......... #...#.....
##########+####.....>...
#............##....#....
.............##....#....
............##....#####
#.........'....#
#......####....#
#..@...# #.##+#
#.....5..# #..
#....?......#...
#...###.....#.... #...
#.....#..... #...
#.....#...... #...
....(# #.. ....#


You could see Grinder.

Vanquished Creatures
  An orc wizard (D:3)
  A hound (D:3)
  A howler monkey skeleton (D:4)
  6 adders
  An adder skeleton (D:4)
  2 worms (D:2)
  7 dart slugs
  2 leopard geckos
  3 orcs (D:3)
  7 bats
  3 giant cockroaches
  5 goblins
  4 hobgoblins
  5 jackals
  2 quokkas (D:2)
  3 ball pythons
  11 frilled lizards
  7 kobolds
  9 rats
80 creatures vanquished.

Notes
Turn   | Place    | Note
-------+----------+-------------------------------------------
     0 | D:1      | Anon1729 the Naga Gladiator began the quest for the Orb.
     0 | D:1      | Reached XP level 1. HP: 19/19 MP: 1/1
   177 | D:1      | Reached XP level 2. HP: 16/26 MP: 2/2
   552 | D:1      | Reached XP level 3. HP: 32/32 MP: 3/3
  1061 | D:2      | Reached XP level 4. HP: 31/40 MP: 4/4
  1171 | D:2      | Reached skill level 1 in Armour
  1404 | D:3      | Reached skill level 4 in Axes
  1622 | D:3      | Reached XP level 5. HP: 37/46 MP: 5/5
  2278 | D:3      | Found a deep blue altar of Sif Muna.
  2363 | D:3      | Found a bloodstained altar of Trog.
  2363 | D:3      | Found a snail-covered altar of Cheibriados.
  2479 | D:4      | Found a hazy altar of Hepliaklqana.
  2509 | D:4      | Noticed Grinder
  2510 | D:4      | Paralysed by Grinder for 2 turns
  2518 | D:4      | Paralysed by Grinder for 7 turns
  2530 | D:4      | Slain by Grinder

Skill      XL: |  1  2  3  4  5 |
---------------+----------------+-----
Throwing       | 2 |  2.0
Armour         | 1 |  1.7
Axes           | 4 |  4.7
Dodging        | 3 |  3.0
Fighting       | 3 |  3.1

Action                   |  1- 3 |  4- 6 || total
-------------------------+-------+-------++-------
Melee: War axe           |    94 |   119 ||   213
Throw: Throwing net      |       |     3 ||     3
 Abil: Spit Poison       |       |     2 ||     2
  Use: Potion            |       |     1 ||     1
  Eat: Chunk             |       |     4 ||     4
Armor: Leather armour    |    37 |     4 ||    41
       Scale mail        |       |    98 ||    98
Dodge: Dodged            |    55 |    69 ||   124
